 Dungeon Crawl Stone Soup version 0.31-a0-971-g75a2e9a4b4 (webtiles) character file.

Game seed: 12639272952314885244

117 CowFu the Ruffian (level 4, 0/35 HPs)
             Began as a Draconian Shapeshifter on Oct 29, 2023.
             Killed from afar by an orc wizard (9 damage)
             ... with a puff of flame
             ... on level 3 of the Dungeon.
             The game lasted 00:02:13 (1407 turns).

CowFu the Ruffian (Draconian Shapeshifter)          Turns: 1407, Time: 00:02:13

Health: 0/35       AC:  5    Str: 18    XL:     4   Next: 71%
Magic:  4/4        EV: 12    Int: 10    God:
Gold:   14         SH:  0    Dex: 11    Spells: 3/3 levels left

rFire   . .          .
                       - Unarmed
rCold   . . .        (no shield)
rNeg    . . .        (body armour unavailable)
rPois   .            (helmet currently unavailable)
rElec   .            (cloak currently unavailable)
rCorr   .            (gloves currently unavailable)
SInv    .            (boots currently unavailable)
Will    .....        (no amulet)
Stlth   +            (no ring)
HPRegen 0.25/turn    (no ring)
MPRegen 0.09/turn

%: no passive effects
@: beast-form
A: beast (slay +2), AC +5, unfitting armour, cold-blooded
a: Begin Untransformation


You were on level 3 of the Dungeon.
You were a hulking beast.
You visited 1 branch of the dungeon, and saw 3 of its levels.

You collected 44 gold pieces.
You spent 30 gold pieces at shops.

Inventory:

Talismans
 b - a beast talisman
 c - a flux talisman
Scrolls
 d - a scroll of revelation {unknown}
 f - 4 scrolls of teleportation {unknown}
 g - a scroll of torment {unknown}
 i - a scroll of fog {unknown}
 j - a scroll of identify {unknown}
 k - a scroll of immolation {unknown}
 l - a scroll of vulnerability {unknown}
Potions
 a - a potion of lignification
 e - a potion of might {unknown}
 m - a potion of haste {unknown}


   Skills:
 - Level 1.1 Fighting
 - Level 1.7 Dodging
 + Level 4.4 Unarmed Combat
 + Level 4.2 Shapeshifting


You had 3 spell levels left.
You didn't know any spells.
Your spell library contained the following spells:

 Spells                   Type           Power      Damage    Failure   Level
 Blink                    Tloc           0%         N/A       50%         2
 Lesser Beckoning         Tloc           0%         N/A       50%         2
 Momentum Strike          Conj/Tloc      0%         3d8       50%         2


Dungeon Overview and Level Annotations

Branches:
Dungeon (3/15)

Altars:
Sif Muna

Shops:
D:2 :((![


Innate Abilities, Weirdness & Mutations

You are a hulking beast.
Your limbs bulge with bestial killing power. (Slay +2)
Your plain brown scales are hard. (AC +5)
You cannot fit into any form of body armour.
You are cold-blooded and may be slowed by cold attacks.


Message History

You bump into the rock wall.
Something hits you but does no damage. x2
Found a hand axe.
You hear some strange, mumbled words.
A puff of flame appears from out of thin air!
The puff of flame misses you.
An adder comes into view.
Something hits you.
* * * LOW HITPOINT WARNING * * *
You bump into the rock wall.
You feel less confused.
The adder hisses angrily.
You hear an angry hiss.
Something hits you but does no damage.
An adder comes into view.
The dart slug launches a dart at you. The slug dart misses you.
The adder moves out of view.
You hit the adder.
The adder is heavily wounded.
The adder bites you.
* * * LOW HITPOINT WARNING * * *
You are poisoned.
The adder poisons you!
A magic dart appears from out of thin air!
The magic dart hits something.
Something hits you but does no damage. The adder bites you but does no damage.
You punch the adder!
You kill the adder!
You feel sick.
You hear some strange, mumbled words.
Something hits you.
* * * LOW HITPOINT WARNING * * *
You feel better. The adder closely misses you.
A goblin comes into view. It is wielding a +0 club.
The adder bites you.
* * * LOW HITPOINT WARNING * * *
Something hits the adder.
You see here an adder corpse.
You see here 6 stones.
A puff of flame appears from out of thin air!
The puff of flame hits you!
You die...

#.# ##
##########.# #.
...........# #.
.########..# ##
#.†########. ..
#######..........#
#.
#.<......########.
###..##.#####..#
#.....gh#####..##
#..
#.#..##S........#
#.#
#.....†....>..#
#.#
##.).#.{###.#.#
#.# #....{.w.....#
#.# #.##>#####)###
#.# #. #.
#)########.# # #.
#.##.......< ..
...#.#####.#


You could see an adder, a dart slug and a goblin.

Vanquished Creatures
  An orc wizard (D:3)
  2 adders
  2 worms (D:2)
  3 dart slugs
  An orc (D:3)
  9 ball pythons
  3 bats (D:1)
  8 endoplasms
  5 goblins
  8 hobgoblins
  4 kobolds
  A quokka (D:2)
  6 frilled lizards
  4 rats
57 creatures vanquished.

Notes
Turn   | Place    | Note
-------+----------+-------------------------------------------
     0 | D:1      | CowFu the Draconian Shapeshifter began the quest for the
                  | Orb.
     0 | D:1      | Reached XP level 1. HP: 16/16 MP: 1/1
    60 | D:1      | Reached XP level 2. HP: 17/23 MP: 2/2
   413 | D:1      | Reached XP level 3. HP: 28/28 MP: 3/3
   595 | D:2      | Found Bit Siuv's Antique Weapon Emporium.
   604 | D:2      | Found Zemijeh's Distillery.
   629 | D:2      | Bought a potion of curing for 30 gold pieces
   667 | D:2      | Found Ummats's Antique Armour Shoppe.
   849 | D:2      | Found Xikirghe's Book Emporium.
   858 | D:2      | Found a shimmering blue altar of Sif Muna.
   981 | D:2      | Reached XP level 4. HP: 35/35 MP: 4/4
  1133 | D:2      | Found Olearipp's Antique Weapon Shoppe.
  1407 | D:3      | Killed from afar by an orc wizard

Illustrated notes

Levels and vault maps discovered:
D:1:      mrwooster_arrival_statue, layout_basic
D:2:      layout_rooms, basic_altar, serial_shops,
          nicolae_shop_tiny_statue_garden, shop, shop,
          nicolae_shop_back_alley_shop, nicolae_shop_crystal,
          minmay_close_crescents
D:3:      layout_loops_ring, nicolae_houndstooth_variations, uniq_jessica

Skill      XL: |  1  2  3  4 |
---------------+-------------+-----
Unarmed Combat | 4 |  4.4
Shapeshifting  | 4 |  4.2
Fighting       | |  1.1
Dodging        | |  1.7

Action                     |  1- 3 |  4- 6 || total
---------------------------+-------+-------++-------
  Melee: Unarmed           |    99 |    43 ||   142
         Tailslap          |    16 |     7 ||    23
         Punch             |     2 |     2 ||     4
    Use: Potion            |       |     1 ||     1
 Armour: Skin              |    46 |    32 ||    78
  Dodge: Dodged            |    45 |    19 ||    64

Table legend: (Time is in decaauts)
 A = Elapsed time spent in this place.
 B = Non-inter-level travel time spent in this place.
 C = Inter-level travel time spent in this place.
 D = Time resting spent in this place.
 E = Time spent auto-exploring this place.
 F = Levels seen in this place.
 G = Mean time per level.
                   A        B        C        D        E       F      G
               +--------+--------+--------+--------+--------+-----+--------+
         Total |   1396 |   1375 |     21 |      0 |   1060 |   3 |  465.3 |
       Dungeon |   1396 |   1375 |     21 |      0 |   1060 |   3 |  465.3 |
               +--------+--------+--------+--------+--------+-----+--------+

Top non-repeatable levels by time:
     D:2: 708 daAuts
     D:1: 551 daAuts
     D:3: 136 daAuts
